AoeStats
← moron

Black Forest

503340481Analyzed
4v4 RM · 1mo ago on Aug 31, 2026· 48m 43s· 8 players
Game mode
Random Map
Map size
Large (8 player)
Population
200
Speed
Normal
Resources
Standard
Victory
Conquest
Starting age
Dark Age
Ending age
Imperial Age
RankedLock teamsTeams togetherTeam positionsShared explorationLock speedFull tech treeHidden civsTurbo modeCheats
Victory
Defeat
🇺🇸 Spanish · United States
1432
+12
🇩🇪 Burmese · Germany
1316
+17
🇨🇳 Khmer · China
1293
+18
🇬🇧 Bohemians · United Kingdom
1278
+19
🇦🇺 Bengalis · Australia
1340
-17
🇬🇧 Persians · United Kingdom
1339
-16
🇩🇪 Goths · Germany
1338
-16
🇳🇴 Mongols · Norway
1318
-15
Murschann
0:31 Loom
13:32 Feudal Age
13:45 Man-at-Arms
15:57 Forging
15:48 Scale Mail Armor
16:59 Fletching
18:40 Horse Collar
25:26 Castle Age
23:16 Double-Bit Axe
23:23 Fishing Lines
30:14 Wheelbarrow
31:32 Caravan
36:43 Squires
40:55 Pikeman
42:30 Chain Mail Armor
43:23 Iron Casting
48:45 Wheelbarrow
tomtom>W<
13:06 Feudal Age
16:54 Castle Age
15:03 Double-Bit Axe
16:02 Fishing Lines
19:53 Bow Saw
23:27 Horse Collar
25:07 Wheelbarrow
24:31 Loom
24:44 Gillnets
26:35 Hand Cart
26:57 Town Watch
27:17 Heavy Plow
27:49 Gold Mining
31:01 Imperial Age
29:34 Scale Barding Armor
29:39 Forging
30:15 Devotion
30:36 Chain Barding Armor
31:02 Gold Shaft Mining
30:18 Stone Mining
30:40 Elite War Elephant
32:34 Two-Man Saw
32:08 Crop Rotation
32:30 Conscription
32:51 Plate Barding Armor
32:37 Conscription
32:49 Bloodlines
32:47 Husbandry
33:36 Fletching
34:24 Iron Casting
36:43 Caravan
37:41 Guilds
38:10 Faith
39:56 Blast Furnace
39:45 Fletching
41:12 Bodkin Arrow
42:42 Onager
46:07 Coinage
Globox
10:53 Feudal Age
14:49 Castle Age
13:19 Double-Bit Axe
13:15 Horse Collar
15:54 Heavy Plow
16:05 Bow Saw
19:26 Loom
27:50 Wheelbarrow
28:40 Ballistics
28:27 Thumb Ring
28:18 Fletching
28:29 Padded Archer Armor
29:37 Bodkin Arrow
29:58 Leather Archer Armor
33:12 Imperial Age
31:28 Hand Cart
30:59 Town Watch
31:59 Thumb Ring
32:10 Bloodlines
32:07 Husbandry
33:04 Murder Holes
33:22 Stone Mining
33:25 Gold Mining
33:15 Elite Mangudai
34:16 Conscription
34:24 Conscription
34:35 Parthian Tactics
35:12 Chemistry
34:15 Bracer
35:13 Gold Shaft Mining
35:16 Stone Shaft Mining
35:59 Town Patrol
37:24 Fortified Wall
37:19 Siege Engineers
37:25 Masonry
39:46 Drill
39:27 Nomads
40:02 Hoardings
41:08 Forging
41:04 Scale Barding Armor
40:57 Elite Steppe Lancer
42:41 Iron Casting
43:04 Chain Barding Armor
45:07 Blast Furnace
44:08 Light Cavalry
44:55 Hussar
Charlesmartel
0:38 Loom
12:38 Feudal Age
16:40 Castle Age
16:45 Double-Bit Axe
21:31 Fishing Lines
26:27 Paiks
26:51 Sanctity
30:57 Imperial Age
29:00 Fletching
29:33 Horse Collar
31:59 Wheelbarrow
31:09 Town Watch
32:02 Ballistics
33:18 Bodkin Arrow
34:26 Chemistry
34:15 Conscription
34:45 Bracer
34:45 Padded Archer Armor
35:54 Bow Saw
36:51 Elite Elephant Archer
41:08 Leather Archer Armor
43:05 Gillnets
45:17 Block Printing
TheEverestHeart
0:53 Loom
13:20 Feudal Age
17:24 Castle Age
15:19 Double-Bit Axe
16:34 Horse Collar
16:38 Fishing Lines
18:57 Bow Saw
21:58 Gillnets
24:21 Padded Archer Armor
25:40 Wheelbarrow
27:11 Leather Archer Armor
28:58 Husbandry
29:39 Hand Cart
30:07 Bloodlines
30:16 Town Watch
31:57 Heavy Plow
31:55 Gold Mining
33:59 Stone Mining
37:10 Imperial Age
38:25 Stone Shaft Mining
38:38 Ring Archer Armor
39:09 Elite Conquistador
40:10 Conscription
41:34 Two-Man Saw
41:47 Hoardings
41:45 Forging
41:41 Scale Barding Armor
42:49 Inquisition
44:09 Chemistry
43:21 Masonry
43:34 Caravan
43:45 Town Patrol
47:20 Supremacy
47:43 Guilds
48:04 Coinage
48:38 Sanctity
uAleks
0:31 Loom
12:50 Feudal Age
13:44 Horse Collar
16:23 Castle Age
17:48 Heavy Plow
20:47 Wheelbarrow
23:41 Hand Cart
24:31 Scale Barding Armor
24:36 Forging
25:46 Bloodlines
25:37 Husbandry
25:04 Light Cavalry
26:31 Gold Mining
26:32 Stone Mining
31:32 Imperial Age
30:27 Chain Barding Armor
31:05 Iron Casting
30:49 Fortified Wall
33:26 Chemistry
31:52 Hussar
34:32 Plate Barding Armor
35:46 Blast Furnace
37:19 Elite Battle Elephant
38:24 Conscription
39:03 Illumination
39:20 Theocracy
42:40 Fletching
42:51 Padded Archer Armor
moron
1:03 Loom
12:57 Feudal Age
17:11 Castle Age
15:03 Double-Bit Axe
16:07 Horse Collar
19:08 Bow Saw
24:49 Scale Mail Armor
25:41 Fletching
27:19 Murder Holes
30:07 Wheelbarrow
30:16 Bodkin Arrow
30:57 Masonry
31:13 Fortified Wall
30:48 Pikeman
32:38 Ballistics
32:55 Hand Cart
35:58 Imperial Age
35:47 Chemistry
37:10 Siege Engineers
37:33 Forging
38:26 Chain Mail Armor
38:47 Halberdier
40:49 Plate Mail Armor
40:46 Houfnice
42:45 Iron Casting
47:55 Conscription
xiange564
11:56 Feudal Age
12:22 Loom
12:54 Double-Bit Axe
15:51 Castle Age
15:05 Horse Collar
17:11 Fishing Lines
19:28 Gillnets
19:59 Bow Saw
22:30 Heavy Plow
24:02 Gold Mining
24:51 Wheelbarrow
27:16 Hand Cart
29:47 Imperial Age
27:03 Town Watch
27:59 Gold Shaft Mining
27:48 Stone Mining
28:11 Forging
28:07 Scale Barding Armor
29:47 Iron Casting
30:17 Tusk Swords
31:51 Blast Furnace
31:11 Chain Barding Armor
31:21 Conscription
31:16 Bloodlines
31:06 Husbandry
30:27 Elite Battle Elephant
30:32 Light Cavalry
33:23 Crop Rotation
34:34 Hussar
35:51 Plate Barding Armor
35:07 Fletching
36:06 Fortified Wall
35:53 Murder Holes
39:01 Hoardings
40:54 Bodkin Arrow
41:00 Padded Archer Armor
42:35 Elite Skirmisher
43:37 Bracer
43:53 Leather Archer Armor
46:32 Chemistry
45:38 Siege Engineers
45:43 Masonry
46:55 Coinage
46:25 Caravan
47:09 Ring Archer Armor
Connection lost

Rejoining the realm…

Still unreachable

The connection could not be restored.

Session expired

The server has moved on; the page needs a fresh start.